 Dungeon Crawl Stone Soup version 0.24.0-1-gfbc8707 (webtiles) character file.

Game seed: 4910677901667209669, levelgen mode: deterministic

18484 Geeful the Fighter (level 12, -1/136 HPs)
             Began as an Ogre Wanderer on Oct 30, 2019.
             Was a Priest of Wu Jian.
             Slain by a black mamba (5 damage)
             ... on level 2 of the Lair of Beasts.
             The game lasted 00:53:52 (18439 turns).

Geeful the Fighter (Ogre Wanderer)                 Turns: 18439, Time: 00:53:52

Health: -1/136     AC:  6    Str: 23    XL:     12   Next: 59%
Magic:  12/12      EV: 18    Int: 13    God:    Wu Jian [***...]
Gold:   768        SH:  0    Dex:  8    Spells: 11/11 levels left

rFire    + . .     SeeInvis +   o - +1 giant spiked club
rCold    + . .     Gourm    .   (shield currently unavailable)
rNeg     . . .     Faith    .   C - +1 robe {rC+ rF+}
rPois    .         Spirit   .   j - +2 hat {SInv}
rElec    .         Reflect  .   (no cloak)
rCorr    .         Harm     .   (gloves unavailable)
MR       +....                  (boots unavailable)
Stlth    +.........             E - amulet of regeneration
HPRegen  0.72/turn              n - +2 ring of evasion
MPRegen  0.13/turn              z - +3 ring of evasion

@: lethally poisoned (-1 -> -2)
A: large, unfitting armour, tough skin 1
a: Wall Jump, Serpent's Lash, Renounce Religion


You were on level 2 of the Lair of Beasts.
You worshipped Wu Jian.
Wu Jian was most pleased with you.
You were not hungry.

You visited 3 branches of the dungeon, and saw 13 of its levels.

You collected 768 gold pieces.

Inventory:

Hand Weapons
 o - a +1 giant spiked club (weapon)
Missiles
 i - 6 throwing nets
 B - 19 poisoned darts (quivered)
Armour
 j - a +2 hat of see invisible (worn)
 l - a +0 troll leather armour
 C - a +1 robe of resistance (worn)
Jewellery
 a - an uncursed ring of poison resistance
 n - a +2 ring of evasion (left hand)
 q - a +3 ring of intelligence
 s - an uncursed ring of flight
 z - a +3 ring of evasion (right hand)
 D - an uncursed ring of ice
 E - an amulet of regeneration (around neck)
Wands
 b - a wand of scattershot (3)
 h - a wand of enslavement (3)
 m - a wand of digging (3)
 y - a wand of paralysis (6)
 H - a wand of polymorph (8)
Scrolls
 c - 2 scrolls of magic mapping
 k - 10 scrolls of remove curse
 w - 6 scrolls of teleportation
 A - a scroll of fog
Potions
 d - 4 potions of curing
 e - a potion of flight
 g - 2 potions of heal wounds
 p - 3 potions of mutation
 r - 4 potions of resistance
 t - 2 potions of lignification
 u - 3 potions of agility
 x - a potion of brilliance {unknown}
 F - a potion of berserk rage {unknown}
 G - a potion of might
Comestibles
 f - 32 rations
 v - 6 chunks of flesh


   Skills:
 + Level 13.5 Fighting
   Level 1.0(8.3) Axes
 * Level 11.7 Maces & Flails
   Level 1.0 Bows
 - Level 6.3 Throwing
 + Level 9.9 Dodging
   Level 1.0 Shields


You had 11 spell levels left.
You didn't know any spells.
Your spell library contained the following spells:

 Spells                   Type           Power        Failure   Level  Hunger
 Corona                   Hex            #......      30%         1    ##.....
 Slow                     Hex            #.......     43%         2    ###....
 Inner Flame              Hex/Fire       #.......     67%         3    ####...
 Portal Projectile        Hex/Tloc       #.....       67%         3    ####...
 Cause Fear               Hex            #.........   97%         4    #####..
 Leda's Liquefaction      Hex/Erth       #.........   97%         4    #####..
 Bolt of Magma            Conj/Fire/Erth #.........   100%        5    ######.
 Iskenderun's Battlesphe  Conj/Chrm      #.......     100%        5    ######.
 Venom Bolt               Conj/Pois      #.........   100%        5    ######.
 Iron Shot                Conj/Erth      #.........   100%        6    #######
 Orb of Destruction       Conj           #.........   100%        7    #######
 Spellforged Servitor     Conj/Summ      #.........   100%        7    #######


Dungeon Overview and Level Annotations

Branches:
Dungeon (10/15)            Temple (1/1) D:6            Lair (2/6) D:8
    Orc (0/2) D:9
  Swamp: Lair:2-4    Shoals: Lair:2-4     Snake: Lair:2-4    Spider: Lair:2-4

Altars:
Ashenzari
Cheibriados
Dithmenos
Elyvilon
Fedhas
Gozag
Hepliaklqana
Kikubaaqudgha
Makhleb
Nemelex Xobeh
Okawaru
Qazlal
Ru
Sif Muna
Trog
Uskayaw
Vehumet
Wu Jian
Xom
Yredelemnul
Zin
The Shining One


Innate Abilities, Weirdness & Mutations

You are too large for most types of armour.
You have tough skin. (AC +1)


Message History

The black mamba bites you!
* * * LOW HITPOINT WARNING * * *
The black mamba bites you!
* * * LOW HITPOINT WARNING * * *
You are poisoned.
The black mamba poisons you!
You feel sick. The black mamba closely misses you.
You feel sick. The black mamba misses you.
You feel sick.
You feel sick. The black mamba barely misses you.
You feel sick. The black mamba completely misses you.
Evoke which item? (* to show all) (? for menu, Esc to quit)
Aiming: Dig
Press: ? - help, Shift-Dir - straight line The rock shatters into small pieces.
You feel sick. The black mamba completely misses you.
The black mamba barely misses you.
You feel sick. The black mamba bites you!
* * * LOW HITPOINT WARNING * * *
You feel sick. The black mamba bites you.
You die...

#.#.#.†.# #.P##...........## #
.#.##...# #.##............# #
......P## #..............## #
.####.## #............#.## #
#.##..## ##.P........###.####
Y......# ###.....#.##.##......
#'###..#
####...P.#.........>#...
..P#..###.#...######......####..
##.#.#.##....DS@.....#.....P###.
$#.#..........#######.......###.
+#.#..........# #.......<....
.P#..........# ##...........
#####..........# ##..........
...............### #.###.#....
#.#..............# ### ##.....
................## ####..
................## ##.


You could see a four-headed hydra and a black mamba.

Vanquished Creatures
  Gastronok (Lair:2)
  Harold (D:9)
  2 two-headed ogres (D:8)
  A tengu warrior (D:9)
  Pikel (D:5)
  A black mamba (Lair:2)
  An elephant (Lair:2)
  A centaur skeleton (D:10)
  3 spiny frogs
  A gargoyle (D:10)
  2 komodo dragons
  A polar bear (Lair:2)
  A troll (D:10)
  Prince Ribbit (D:6)
  4 blink frogs (Lair:2)
  2 hippogriffs
  Sigmund (D:2)
  A spriggan (D:9)
  A hungry ghost (D:8)
  2 basilisks (Lair:2)
  A soldier ant (D:10)
  A two-headed ogre zombie (D:9)
  5 water moccasins
  11 porcupines
  10 ice beasts
  3 black bears
  A sky beast (D:8)
  3 orc warriors
  3 phantoms
  A necrophage (D:7)
  3 killer bees
  5 wolves (Lair:1)
  2 ogres
  4 centaurs
  6 crocodiles
  6 big kobolds
  9 bullfrogs
  3 scorpions
  2 troll zombies (D:9)
  4 wights (D:9)
  4 howler monkeys
  A bullfrog zombie (D:8)
  8 crimson imps
  A quasit (D:8)
  7 hounds
  9 orc priests
  3 jellies
  5 orc wizards
  2 iguanas
  7 worker ants
  A killer bee zombie (D:7)
  5 ogre zombies (D:9)
  A hound zombie (D:9)
  A hound skeleton (D:5)
  A worker ant zombie (D:6)
  17 adders
  11 gnolls
  2 howler monkey skeletons
  2 shadow imps (D:5)
  2 oozes (D:1)
  An adder zombie (D:7)
  An adder skeleton (D:5)
  6 worms
  4 dart slugs
  6 leopard geckos
  24 orcs
  6 bats
  5 giant cockroaches
  6 goblins
  11 hobgoblins
  10 jackals
  8 quokkas
  2 ball pythons
  3 frilled lizards
  2 goblin skeletons (D:9)
  3 goblin zombies (D:9)
  A hobgoblin skeleton (D:9)
  A hobgoblin zombie (D:9)
  57 kobolds
  2 leopard gecko zombies
  3 orc skeletons (D:9)
  13 orc zombies (D:9)
  A quokka zombie (D:5)
  6 rats
384 creatures vanquished.

Vanquished Creatures (collateral kills)
  A killer bee (D:9)
  A bullfrog skeleton (D:9)
2 creatures vanquished.

Vanquished Creatures (others)
  A water moccasin (D:8)
  A killer bee (D:9)
  An ogre (D:5)
  A fungus (D:8)
  3 plants (Lair:2)
7 creatures vanquished.

Grand Total: 393 creatures vanquished

Notes
Turn   | Place    | Note
-------+----------+-------------------------------------------
     0 | D:1      | Geeful the Ogre Wanderer began the quest for the Orb.
     0 | D:1      | Geeful set off with the following items: a +0 shortbow, a
                  | +2 robe, 26 arrows, a potion of curing, a ration
     0 | D:1      | Reached XP level 1. HP: 24/24 MP: 1/1
   247 | D:1      | Reached XP level 2. HP: 32/32 MP: 2/2
   723 | D:1      | Reached XP level 3. HP: 40/40 MP: 3/3
  1150 | D:2      | Reached skill level 1 in Maces & Flails
  1154 | D:2      | Noticed an ogre
  1182 | D:2      | Killed an ogre
  1182 | D:2      | Reached skill level 5 in Fighting
  1182 | D:2      | Reached XP level 4. HP: 28/50 MP: 4/4
  1182 | D:2      | Reached XP level 5. HP: 32/57 MP: 5/5
  1314 | D:2      | Noticed Sigmund
  1334 | D:2      | Killed Sigmund
  1334 | D:2      | Reached XP level 6. HP: 38/67 MP: 6/6
  1900 | D:2      | Found a sparkling altar of Nemelex Xobeh.
  2974 | D:3      | Found a sparkling altar of Nemelex Xobeh.
  3018 | D:3      | Found a shimmering blue altar of Sif Muna.
  3019 | D:3      | Found a glowing golden altar of the Shining One.
  3080 | D:3      | Reached skill level 6 in Fighting
  3562 | D:3      | Reached XP level 7. HP: 72/75 MP: 7/7
  4825 | D:3      | Reached skill level 7 in Fighting
  4825 | D:3      | Reached XP level 8. HP: 84/87 MP: 8/8
  5793 | D:4      | Found a stormy altar of Qazlal.
  5813 | D:4      | Reached skill level 5 in Dodging
  6741 | D:5      | Entered Level 5 of the Dungeon
  6958 | D:5      | Found a sparkling altar of Nemelex Xobeh.
  7162 | D:5      | Reached skill level 5 in Throwing
  7542 | D:5      | Noticed Pikel
  7549 | D:5      | Killed Pikel
  7549 | D:5      | Reached skill level 8 in Fighting
  7549 | D:5      | Reached XP level 9. HP: 78/97 MP: 9/9
  7689 | D:5      | Found a blossoming altar of Fedhas.
  8015 | D:5      | Reached skill level 5 in Maces & Flails
  8216 | D:6      | Found a staircase to the Ecumenical Temple.
  8222 | Temple   | Entered the Ecumenical Temple
  9100 | D:6      | Reached skill level 9 in Fighting
  9135 | D:6      | Noticed Prince Ribbit
  9149 | D:6      | Killed Prince Ribbit
 10354 | D:7      | You fall into a shaft and drop 1 floor!
 10370 | D:8      | Noticed a two-headed ogre
 10377 | D:8      | Killed a two-headed ogre
 10377 | D:8      | Reached skill level 10 in Fighting
 10377 | D:8      | Reached XP level 10. HP: 55/110 MP: 10/10
 11130 | D:8      | Noticed a two-headed ogre
 11139 | D:8      | Killed a two-headed ogre
 11384 | D:8      | Reached skill level 11 in Fighting
 12002 | D:8      | Found an ornate altar of the Wu Jian Council.
 12002 | D:8      | Found a snail-covered altar of Cheibriados.
 12006 | D:8      | Became a worshipper of the Wu Jian Council
 12062 | D:8      | Found a staircase to the Lair.
 12326 | D:9      | Noticed Harold
 12332 | D:9      | Killed Harold
 12332 | D:9      | Reached XP level 11. HP: 42/120 MP: 11/11
 13095 | D:9      | Found a shadowy altar of Dithmenos.
 13469 | D:9      | Found a staircase to the Orcish Mines.
 13787 | D:9      | Reached * piety under Wu Jian
 14083 | D:9      | Noticed a tengu warrior
 14102 | D:9      | Killed a tengu warrior
 14367 | D:10     | Entered Level 10 of the Dungeon
 14403 | D:10     | Reached skill level 12 in Fighting
 14488 | D:10     | Reached ** piety under Wu Jian
 14864 | D:10     | Reached skill level 10 in Maces & Flails
 15331 | Lair:1   | Entered Level 1 of the Lair of Beasts
 15615 | Lair:1   | HP: 6/124 [poisoned by a spiny frog]
 15620 | Lair:1   | HP: 6/124 [poisoned by a spiny frog]
 15839 | Lair:1   | Found a frozen archway.
 16081 | Lair:1   | Reached *** piety under Wu Jian
 16294 | Lair:1   | Reached XP level 12. HP: 133/133 MP: 12/12
 17269 | Lair:2   | Reached skill level 13 in Fighting
 17971 | Lair:2   | Noticed Gastronok
 18023 | Lair:2   | Killed Gastronok
 18402 | Lair:2   | Noticed a four-headed hydra
 18438 | Lair:2   | HP: 5/136 [black mamba (8)]
 18439 | Lair:2   | Slain by a black mamba

Levels and vault maps discovered:
D:1:      onia_arrival_pentagram, layout_loops_corners
D:2:      layout_basic, nemelex_altar_shiori, uniq_sigmund
D:3:      minmay_goblin_kobold_castle, layout_rooms,
          chequers_temple_overflow_statue_of_worship, first_ration,
          nemelex_diamond_rough_becter
D:4:      layout_loops_ring, nicolae_overflow_crystal_walls,
          grunt_decor_resistance, minmay_pentomino_pile
D:5:      layout_basic, lemuel_crystal_altar, fedhas_altar_1, uniq_pikel
D:6:      layout_loops_ring, minmay_temple_entry_fiery,
          kennysheep_cluttered_room, due_unseen_surprise, uniq_prince_ribbit1
D:7:      layout_gridville
D:8:      layout_rooms, gammafunk_temple_overflow_wave,
          grunt_lair_entry_orc_guard_hut
D:9:      layout_gridville, nicolae_dithmenos_through_a_glass_darkly,
          zombieorc2_lemuel, the_bakery, uniq_harold
D:10:     layout_roguey, minmay_misc_feat_square
Temple:   regret_index_temple_generic_petals
Lair:1:   layout_loops_ring, portal_ice_cave_entry_ice_beasts,
          beast_lair_carwin_3
Lair:2:   layout_cave_pods, minmay_shattered_shrine, uniq_gastronok

Skill      XL: |  1  2  3  4  5  6  7  8  9 10 11 12 |
---------------+-------------------------------------+-----
Dodging        | 3 4 5 7 8 9 |  9.9
Maces & Flails | 1 2 3 4 6 8 10 11 | 11.7
Fighting       | 5 6 7 8 10 11 12 13 | 13.5
Throwing       | 2 3 4 5 6 |  6.3
Axes           | |  1.0
Bows           | |  1.0
Shields        | |  1.0

Action                   |  1- 3 |  4- 6 |  7- 9 | 10-12 || total
-------------------------+-------+-------+-------+-------++-------
Melee: Whip              |    31 |    55 |     3 |       ||    89
       Giant spiked club |       |   203 |   615 |   659 ||  1477
 Fire: Shortbow          |    64 |       |       |       ||    64
Throw: Dart              |       |       |       |    33 ||    33
Invok: Lunge             |       |       |       |    34 ||    34
       Whirlwind         |       |       |       |    98 ||    98
Evoke: Wand              |       |       |     7 |    22 ||    29
  Use: Scroll            |     3 |     3 |    12 |     8 ||    26
       Potion            |     2 |     3 |     1 |     6 ||    12
 Stab: Sleeping          |       |       |       |     1 ||     1
  Eat: Chunk             |     1 |     8 |    23 |    25 ||    57
       Ration            |       |       |       |     1 ||     1
Armor: Robe              |    14 |   127 |   209 |    97 ||   447
Dodge: Dodged            |    22 |   370 |   844 |   697 ||  1933
